 Dungeon Crawl Stone Soup version 0.29.1-2-gbd0b4ee654 (webtiles) character file.

Game seed: 18108395149584340883

198 cdecastro the Grave Robber (level 6, -1/41 HPs)
             Began as a Human Necromancer on Nov 11, 2022.
             Slain by an orc wizard
             ... wielding a +0 dagger
              (4 damage)
             ... on level 2 of the Dungeon.
             The game lasted 00:04:30 (2806 turns).

cdecastro the Grave Robber (Human Necromancer)      Turns: 2806, Time: 00:04:31

Health: -1/41      AC:  2    Str:  9    XL:     6   Next: 6%
Magic:  4/9        EV: 12    Int: 17    God:
Gold:   155        SH:  0    Dex: 13    Spells: 5/9 levels left

rFire   . . .      SeeInvis .   c - +0 dagger
rCold   . . .      Faith    .   (no shield)
rNeg    . . .      Spirit   .   a - +0 robe
rPois   .          Reflect  .   (no helmet)
rElec   .          Harm     .   (no cloak)
rCorr   .          Rampage  .   (no gloves)
Will    .....                   (no boots)
Stlth   ++........              (no amulet)
HPRegen 0.13/turn               (no ring)
MPRegen 0.11/turn               (no ring)

@: no status effects
A: no striking features
a: no special abilities


You were on level 2 of the Dungeon.
You visited 1 branch of the dungeon, and saw 2 of its levels.

You collected 155 gold pieces.

Inventory:

Hand Weapons
 c - a +0 dagger (weapon)
Missiles
 g - 9 stones
 t - 3 poisoned darts
Armour
 a - a +0 robe (worn)
 m - a +1 pair of gloves
Magical Staves
 p - a staff of air
Jewellery
 e - an amulet of faith
 h - a ring of see invisible
 q - a ring of willpower
Wands
 u - a wand of digging (5)
Scrolls
 i - a scroll of enchant weapon {unknown}
 j - a scroll of teleportation {unknown}
 k - 2 scrolls of poison {unknown}
 n - a scroll of blinking {unknown}
 o - a scroll of amnesia {unknown}
 r - a scroll of fog {unknown}
 s - a scroll of magic mapping {unknown}
Potions
 b - a potion of magic
 d - a potion of heal wounds {unknown}
 f - 2 potions of curing {unknown}
 l - a potion of ambrosia {unknown}


   Skills:
 - Level 2.0 Dodging
 - Level 2.0 Stealth
 - Level 2.0 Spellcasting
 + Level 6.8 Necromancy


You had 5 spell levels left.
You knew the following spells:

 Your Spells              Type           Power      Damage    Failure   Level
a - Necrotise             Necr           100%       1d9       1%          1
b - Vampiric Draining     Necr           25%        2d7       3%          3

Your spell library contained the following spells:

 Spells                   Type           Power      Damage    Failure   Level
 Animate Dead             Necr           25%        N/A       12%         4
 Agony                    Necr           25%        N/A       32%         5


Dungeon Overview and Level Annotations

Branches:
Dungeon (2/15)

Altars:


Message History

You hear some strange, mumbled words.
A magic dart appears from out of thin air!
The magic dart hits you.
* * * LOW HITPOINT WARNING * * *
Aiming: Necrotise (safe; 1% risk of failure)
Press: ? - help, Q - select action, (/) - cycle Shift-Dir - straight line Nothing appears to happen.
Your orc priest skeleton closely misses something.
Something hits you but does no damage.
Unknown command.
Aiming: Necrotise (safe; 1% risk of failure)
Press: ? - help, Q - select action, (/) - cycle Shift-Dir - straight line Nothing appears to happen.
Something hits you.
* * * LOW HITPOINT WARNING * * *
Unknown command.
You miss something.
Your orc priest skeleton barely misses something.
Something hits you.
* * * LOW HITPOINT WARNING * * *
You hit something but do no damage.
Your orc priest skeleton barely misses something.
Something hits you but does no damage.
You miss something.
Your orc priest skeleton completely misses something.
Something hits you but does no damage.
You hit something but do no damage.
Your orc priest skeleton closely misses something.
Something hits you.
* * * LOW HITPOINT WARNING * * *
You hit something but do no damage. Something hits you.
* * * LOW HITPOINT WARNING * * *
You hit something but do no damage.
Your orc priest skeleton closely misses something.
Something hits you.
* * * LOW HITPOINT WARNING * * *
You closely miss something.
Your orc priest skeleton hits something but does no damage.
Something hits you.
You die...

#.# ##########.#.#####
.........#.#.#<@.#
.........#.#.#{### #
..........#.#Z#### #
.........#.)....#
#######............####
'....................>#
#########..........##.#
# #.#..[.....# # #
.............#


You could see a friendly orc priest skeleton.

Vanquished Creatures
  An orc priest (D:2)
  Jessica (D:2)
  Natasha (thrice) (D:2)
  2 adders (D:2)
  3 dart slugs (D:1)
  2 orcs (D:1)
  2 ball pythons (D:2)
  4 endoplasms
  3 giant cockroaches
  2 goblins (D:1)
  6 hobgoblins (D:2)
  3 bats
  3 frilled lizards
  6 kobolds
  3 rats (D:2)
44 creatures vanquished.

Vanquished Creatures (collateral kills)
  A dart slug (D:2)
1 creature vanquished.

Grand Total: 45 creatures vanquished

Notes
Turn   | Place    | Note
-------+----------+-------------------------------------------
     0 | D:1      | cdecastro the Human Necromancer began the quest for the
                  | Orb.
     0 | D:1      | Reached XP level 1. HP: 13/13 MP: 3/3
   376 | D:1      | Reached XP level 2. HP: 19/19 MP: 5/5
  1333 | D:1      | Reached XP level 3. HP: 24/24 MP: 4/6
  1519 | D:2      | Noticed Natasha
  1526 | D:2      | HP: 1/24 [Natasha (9)]
  1527 | D:2      | Killed Natasha
  1528 | D:2      | Reached skill level 5 in Necromancy
  1528 | D:2      | Reached XP level 4. HP: 1/30 MP: 3/7
  2232 | D:2      | Learned a level 3 spell: Vampiric Draining
  2400 | D:2      | Noticed Natasha
  2408 | D:2      | Killed Natasha
  2409 | D:2      | Reached skill level 6 in Necromancy
  2409 | D:2      | Reached XP level 5. HP: 31/35 MP: 4/8
  2472 | D:2      | Noticed Natasha
  2478 | D:2      | Killed Natasha
  2483 | D:2      | Noticed Jessica
  2488 | D:2      | Killed Jessica
  2789 | D:2      | Reached XP level 6. HP: 26/41 MP: 5/9
  2806 | D:2      | Slain by an orc wizard

Illustrated notes

Levels and vault maps discovered:
D:1:      minmay_arrival_cross, layout_basic
D:2:      layout_basic, minmay_tall_x, uniq_natasha, uniq_jessica

Skill      XL: |  1  2  3  4 |
---------------+-------------+-----
Necromancy     | 5 6 |  6.8
Dodging        | |  2.0
Stealth        | |  2.0
Spellcasting   | |  2.0

Action                   |  1- 3 |  4- 6 || total
-------------------------+-------+-------++-------
Melee: Dagger            |    30 |    47 ||    77
 Cast: Necrotise         |    32 |    39 ||    71
 Stab: Sleeping          |       |     1 ||     1
Armor: Robe              |     7 |    14 ||    21
Dodge: Dodged            |    36 |    42 ||    78
